[ AOE2 MATCH · #506397325 ]
UnrankedBohemians vs Mongols
Player's team · WIN
Rival team · LOSS
[ REPLAY ANALYSIS · EXTRACTED FROM THE RECORDED GAME ]
Feudal
11:09
Castle
22:09
Imperial
33:53
| APM avg | 39.2 |
| APM peak | 82 |
| eAPM avg | 23.1 |
| Villagers / military | 147 / 234 |
Focus
⚔️ 28.7% · 🌾 71.3%
Archer ×151 · Spearman ×59 · Bombard Cannon ×10 · Trebuchet (Packed) ×7 · Mangonel ×4 · Monk ×3
Feudal
8:51
Castle
21:56
Imperial
29:07
| APM avg | 39.8 |
| APM peak | 96 |
| eAPM avg | 25.1 |
| Villagers / military | 133 / 83 |
Focus
⚔️ 26.9% · 🌾 73.1%
Mangudai ×73 · Archer ×5 · Trebuchet (Packed) ×3 · Monk ×2
Match map
Initial resources + every placement click. Lines = walls · curves = elevation contours. ◆ gold · ⬟ stone · ● berries · ✦ relic · ◌ wall gap
Your base· ✓ Closed at 22:09 · 4t walls · 3 gate(s)
AghastMink16521's base· ✓ Closed at 21:56 · 49t walls · 2 gate(s)
Smoothed initial terrain · ◌ = detected wall gap · hover for details
Inputs per minute
— RubyMess - - AghastMink16521
Build order — RubyMess
First 150 of 440 actions detected
| 0:00 | Queue | Villager (Male) |
| 0:00 | Queue | Villager (Male) |
| 0:02 | Build | House |
| 0:03 | Build | House |
| 0:08 | Queue | Villager (Male) |
| 0:09 | Queue | Villager (Male) |
| 0:09 | Queue | Villager (Male) |
| 1:26 | Queue | Villager (Male) |
| 1:26 | Queue | Villager (Male) |
| 1:51 | Build | Lumber Camp |
| 1:55 | Queue | Villager (Male) |
| 1:55 | Queue | Villager (Male) |
| 2:24 | Queue | Villager (Male) |
| 2:24 | Queue | Villager (Male) |
| 2:50 | Queue | Villager (Male) |
| 3:03 | Queue | Villager (Male) |
| 3:03 | Queue | Villager (Male) |
| 3:19 | Build | House |
| 3:37 | Queue | Villager (Male) |
| 3:37 | Queue | Villager (Male) |
| 3:59 | Queue | Villager (Male) |
| 3:59 | Queue | Villager (Male) |
| 4:21 | Queue | Villager (Male) |
| 4:22 | Queue | Villager (Male) |
| 4:49 | Queue | Villager (Male) |
| 4:50 | Queue | Villager (Male) |
| 5:15 | Queue | Villager (Male) |
| 5:15 | Queue | Villager (Male) |
| 5:22 | Build | House |
| 5:34 | Build | House |
| 5:45 | Queue | Villager (Male) |
| 6:12 | Queue | Villager (Male) |
| 6:13 | Queue | Villager (Male) |
| 6:13 | Queue | Villager (Male) |
| 6:36 | Build | Mill |
| 6:50 | Queue | Villager (Male) |
| 6:50 | Queue | Villager (Male) |
| 6:58 | Queue | Villager (Male) |
| 6:58 | Queue | Villager (Male) |
| 7:11 | Build | Mill |
| 8:18 | Build | Farm |
| 8:40 | Build | Mining Camp |
| 8:48 | Build | Farm |
| 8:59 | Research | Feudal Age |
| 9:00 | Research | Loom |
| 9:01 | Queue | Villager (Male) |
| 9:01 | Queue | Villager (Male) |
| 9:40 | Build | Mining Camp |
| 9:43 | Build | House |
| 10:09 | Build | House |
| 10:24 | Build | Barracks |
| 10:28 | Build | Palisade Wall |
| 11:09 | Age | Feudal Age |
| 11:13 | Build | Watch Tower |
| 11:21 | Build | Palisade Gate |
| 11:23 | Build | House |
| 11:34 | Research | Double-Bit Axe |
| 11:34 | Research | Double-Bit Axe |
| 11:38 | Queue | Villager (Male) |
| 11:40 | Queue | Villager (Male) |
| 11:40 | Queue | Villager (Male) |
| 11:45 | Build | House |
| 11:49 | Build | House |
| 11:50 | Build | House |
| 11:59 | Build | Palisade Wall |
| 12:15 | Queue | Villager (Male) |
| 12:20 | Build | Watch Tower |
| 12:33 | Research | Horse Collar |
| 12:36 | Queue | Villager (Male) |
| 12:36 | Queue | Villager (Male) |
| 12:53 | Queue | Villager (Male) |
| 13:23 | Build | Blacksmith |
| 13:44 | Build | Farm |
| 13:48 | Build | Farm |
| 13:50 | Build | Farm |
| 13:57 | Build | Watch Tower |
| 14:06 | Build | Farm |
| 14:07 | Research | Fletching |
| 14:08 | Research | Fletching |
| 14:21 | Build | Lumber Camp |
| 14:29 | Build | Palisade Wall |
| 14:55 | Queue | Villager (Male) |
| 15:07 | Build | Watch Tower |
| 15:28 | Build | Farm |
| 15:40 | Queue | Villager (Male) |
| 15:50 | Build | Farm |
| 15:52 | Build | Farm |
| 15:53 | Build | Farm |
| 15:58 | Build | Farm |
| 16:01 | Build | Farm |
| 16:03 | Build | Farm |
| 16:05 | Queue | Villager (Male) |
| 16:07 | Build | Farm |
| 16:23 | Build | Archery Range |
| 16:26 | Queue | Villager (Male) |
| 16:34 | Build | Farm |
| 16:35 | Build | Farm |
| 16:44 | Build | Farm |
| 16:48 | Queue | Villager (Male) |
| 17:14 | Queue | Archer |
| 17:14 | Queue | Archer |
| 17:14 | Queue | Archer |
| 17:15 | Queue | Archer |
| 17:16 | Queue | Archer |
| 17:17 | Queue | Villager (Male) |
| 17:27 | Build | Mining Camp |
| 17:30 | Queue | Villager (Male) |
| 17:31 | Queue | Villager (Male) |
| 17:32 | Queue | Villager (Male) |
| 17:55 | Build | Farm |
| 17:58 | Build | House |
| 18:08 | Build | Lumber Camp |
| 18:28 | Queue | Villager (Male) |
| 18:48 | Queue | Villager (Male) |
| 19:16 | Research | Castle Age |
| 19:26 | Queue | Archer |
| 19:27 | Queue | Archer |
| 19:38 | Build | Archery Range |
| 19:43 | Research | Padded Archer Armor |
| 20:07 | Queue | Archer |
| 20:37 | Queue | Archer |
| 20:38 | Queue | Archer |
| 20:39 | Queue | Archer |
| 21:11 | Queue | Villager (Male) |
| 21:11 | Queue | Villager (Male) |
| 21:44 | Queue | Archer |
| 21:44 | Queue | Archer |
| 22:09 | Age | Castle Age |
| 22:12 | Build | Town Center |
| 22:13 | Research | Heavy Plow |
| 22:15 | Research | Bodkin Arrow |
| 22:18 | Research | Crossbowman (upgrade) |
| 22:41 | Build | Siege Workshop |
| 22:43 | Queue | Villager (Male) |
| 22:46 | Research | Bow Saw |
| 22:47 | Research | Bow Saw |
| 22:49 | Queue | Archer |
| 22:57 | Queue | Archer |
| 23:03 | Queue | Villager (Male) |
| 23:19 | Build | Town Center |
| 23:33 | Build | House |
| 23:34 | Build | House |
| 23:35 | Build | House |
| 23:35 | Build | House |
| 23:36 | Queue | Villager (Male) |
| 23:37 | Queue | Villager (Male) |
| 23:39 | Queue | Villager (Male) |
| 23:52 | Build | Farm |
| 23:56 | Queue | Villager (Male) |
| 24:05 | Queue | Mangonel |
Build order — AghastMink16521
First 150 of 374 actions detected
| 0:01 | Queue | Villager (Male) |
| 0:01 | Queue | Villager (Male) |
| 0:02 | Build | House |
| 0:03 | Build | House |
| 0:07 | Queue | Villager (Male) |
| 0:08 | Queue | Villager (Male) |
| 1:25 | Queue | Villager (Male) |
| 1:59 | Queue | Villager (Male) |
| 1:59 | Queue | Villager (Male) |
| 2:11 | Build | House |
| 2:11 | Build | House |
| 2:17 | Queue | Villager (Male) |
| 2:17 | Queue | Villager (Male) |
| 2:33 | Queue | Villager (Male) |
| 2:42 | Build | Lumber Camp |
| 3:06 | Queue | Villager (Male) |
| 3:23 | Queue | Villager (Male) |
| 3:23 | Queue | Villager (Male) |
| 3:23 | Queue | Villager (Male) |
| 3:23 | Queue | Villager (Male) |
| 4:28 | Queue | Villager (Male) |
| 4:28 | Queue | Villager (Male) |
| 4:29 | Research | Loom |
| 4:33 | Queue | Villager (Male) |
| 4:35 | Queue | Villager (Male) |
| 4:35 | Research | Loom |
| 5:01 | Build | Mill |
| 5:46 | Queue | Villager (Male) |
| 5:46 | Research | Loom |
| 6:30 | Research | Feudal Age |
| 6:39 | Build | Mining Camp |
| 7:08 | Build | House |
| 8:02 | Queue | Villager (Male) |
| 8:09 | Build | Barracks |
| 8:51 | Age | Feudal Age |
| 8:52 | Research | Town Watch |
| 8:53 | Research | Double-Bit Axe |
| 9:05 | Queue | Villager (Male) |
| 9:10 | Build | Watch Tower |
| 9:24 | Queue | Villager (Male) |
| 9:37 | Build | Archery Range |
| 10:02 | Queue | Villager (Male) |
| 10:09 | Build | Mining Camp |
| 10:32 | Queue | Villager (Male) |
| 10:37 | Queue | Archer |
| 10:37 | Queue | Archer |
| 10:51 | Build | Mill |
| 11:00 | Queue | Villager (Male) |
| 11:29 | Queue | Villager (Male) |
| 11:30 | Queue | Archer |
| 11:38 | Build | House |
| 11:42 | Build | House |
| 11:55 | Queue | Villager (Male) |
| 12:05 | Build | Outpost |
| 12:10 | Queue | Villager (Male) |
| 12:11 | Queue | Villager (Male) |
| 12:21 | Queue | Villager (Male) |
| 12:27 | Build | Watch Tower |
| 12:33 | Queue | Archer |
| 12:52 | Research | Horse Collar |
| 13:08 | Queue | Villager (Male) |
| 13:12 | Queue | Archer |
| 13:26 | Queue | Villager (Male) |
| 13:32 | Build | House |
| 13:49 | Build | Watch Tower |
| 13:55 | Build | Farm |
| 13:56 | Build | Farm |
| 13:58 | Build | Farm |
| 13:58 | Build | Farm |
| 13:59 | Build | Farm |
| 13:59 | Build | Farm |
| 14:00 | Queue | Villager (Male) |
| 14:10 | Build | House |
| 14:15 | Queue | Villager (Male) |
| 14:33 | Build | Outpost |
| 14:42 | Build | Farm |
| 14:58 | Build | Outpost |
| 15:03 | Queue | Villager (Male) |
| 15:12 | Build | Farm |
| 15:15 | Build | Farm |
| 15:15 | Queue | Villager (Male) |
| 15:52 | Build | Outpost |
| 15:56 | Queue | Villager (Male) |
| 15:58 | Build | Farm |
| 15:59 | Build | Farm |
| 16:02 | Build | Farm |
| 16:02 | Queue | Villager (Male) |
| 16:19 | Build | Stone Wall |
| 16:21 | Build | Stone Wall |
| 16:22 | Build | Stone Wall |
| 16:23 | Build | Stone Wall |
| 16:24 | Build | Stone Wall |
| 16:26 | Build | Stone Wall |
| 16:27 | Build | Stone Wall |
| 16:29 | Queue | Villager (Male) |
| 16:38 | Build | Outpost |
| 16:47 | Build | Farm |
| 16:51 | Build | Farm |
| 16:57 | Build | House |
| 17:12 | Research | Wheelbarrow |
| 17:32 | Build | Outpost |
| 17:48 | Build | Stone Wall |
| 17:50 | Build | Stone Wall |
| 17:50 | Build | Stone Wall |
| 17:52 | Build | Stone Wall |
| 17:53 | Build | Stone Wall |
| 17:54 | Build | Stone Wall |
| 17:55 | Build | Stone Wall |
| 17:55 | Build | Stone Wall |
| 18:08 | Build | Market |
| 18:37 | Queue | Villager (Male) |
| 18:44 | Build | Lumber Camp |
| 19:01 | Research | Castle Age |
| 19:15 | Build | Farm |
| 19:28 | Build | Stone Wall |
| 19:51 | Research | Stone Mining |
| 20:15 | Build | Stable |
| 20:22 | Build | Stone Wall |
| 20:39 | Research | Gold Mining |
| 20:52 | Build | Palisade Wall |
| 20:52 | Build | Palisade Wall |
| 20:53 | Build | Palisade Wall |
| 20:54 | Build | Palisade Wall |
| 20:55 | Build | Palisade Wall |
| 20:55 | Build | Palisade Wall |
| 20:56 | Build | Palisade Wall |
| 20:57 | Build | Palisade Wall |
| 21:15 | Build | Mining Camp |
| 21:18 | Queue | Villager (Male) |
| 21:18 | Queue | Villager (Male) |
| 21:38 | Build | House |
| 21:39 | Build | House |
| 21:53 | Build | Stone Wall |
| 21:55 | Build | Stone Wall |
| 21:56 | Age | Castle Age |
| 22:01 | Research | Bow Saw |
| 22:04 | Research | Gold Shaft Mining |
| 22:11 | Build | Monastery |
| 22:22 | Queue | Villager (Male) |
| 22:36 | Queue | Villager (Male) |
| 22:40 | Queue | Monk |
| 22:40 | Queue | Monk |
| 23:03 | Build | Castle |
| 23:11 | Research | Hand Cart |
| 23:56 | Build | University |
| 24:02 | Queue | Villager (Male) |
| 24:25 | Build | Lumber Camp |
| 24:47 | Queue | Villager (Male) |
| 25:16 | Build | Mining Camp |
| 25:25 | Queue | Villager (Male) |
Match timeline
| 8:09 | AghastMink16521 · first_building Barracks |
| 8:51 | AghastMink16521 · age_up feudal |
| 9:37 | AghastMink16521 · first_building Archery Range |
| 10:24 | RubyMess · first_building Barracks |
| 10:28 | RubyMess · wall_segment Palisade Wall x1 |
| 11:09 | RubyMess · age_up feudal |
| 11:59 | RubyMess · wall_segment Palisade Wall x1 |
| 14:29 | RubyMess · wall_segment Palisade Wall x2 |
| 16:19 | AghastMink16521 · wall_segment Stone Wall x1 |
| 16:21 | AghastMink16521 · wall_segment Stone Wall x1 |
| 16:22 | AghastMink16521 · wall_segment Stone Wall x1 |
| 16:23 | AghastMink16521 · wall_segment Stone Wall x1 |
| 16:23 | RubyMess · first_building Archery Range |
| 16:24 | AghastMink16521 · wall_segment Stone Wall x1 |
| 16:26 | AghastMink16521 · wall_segment Stone Wall x1 |
| 16:27 | AghastMink16521 · wall_segment Stone Wall x1 |
| 17:48 | AghastMink16521 · wall_segment Stone Wall x1 |
| 17:50 | AghastMink16521 · wall_segment Stone Wall x1 |
| 17:50 | AghastMink16521 · wall_segment Stone Wall x1 |
| 17:52 | AghastMink16521 · wall_segment Stone Wall x1 |
| 17:53 | AghastMink16521 · wall_segment Stone Wall x1 |
| 17:54 | AghastMink16521 · wall_segment Stone Wall x1 |
| 17:55 | AghastMink16521 · wall_segment Stone Wall x1 |
| 17:55 | AghastMink16521 · wall_segment Stone Wall x1 |
| 19:28 | AghastMink16521 · wall_segment Stone Wall x7 |
| 20:10 | AghastMink16521 · first_market_buy 100 wood |
| 20:15 | AghastMink16521 · first_building Stable |
| 20:22 | AghastMink16521 · wall_segment Stone Wall x6 |
| 20:52 | AghastMink16521 · wall_segment Palisade Wall x1 |
| 20:52 | AghastMink16521 · wall_segment Palisade Wall x1 |
| 20:53 | AghastMink16521 · wall_segment Palisade Wall x1 |
| 20:54 | AghastMink16521 · wall_segment Palisade Wall x1 |
| 20:55 | AghastMink16521 · wall_segment Palisade Wall x1 |
| 20:55 | AghastMink16521 · wall_segment Palisade Wall x1 |
| 20:56 | AghastMink16521 · wall_segment Palisade Wall x1 |
| 20:57 | AghastMink16521 · wall_segment Palisade Wall x1 |
| 21:53 | AghastMink16521 · wall_segment Stone Wall x9 |
| 21:55 | AghastMink16521 · wall_segment Stone Wall x4 |
| 21:56 | AghastMink16521 · age_up castle |
| 22:09 | RubyMess · age_up castle |
| 22:11 | AghastMink16521 · first_building Monastery |
| 22:41 | RubyMess · first_building Siege Workshop |
| 23:03 | AghastMink16521 · first_building Castle |
| 25:10 | AghastMink16521 · first_market_sell 100 wood |
| 27:01 | RubyMess · first_building Monastery |
| 29:07 | AghastMink16521 · age_up imperial |
| 29:12 | RubyMess · first_building Castle |
| 33:53 | RubyMess · age_up imperial |
| 38:33 | RubyMess · first_market_sell 500 food |
| 45:41 | AghastMink16521 · resign |
[ AI ANALYSIS · 1 CREDIT ]
What really happened in this match?
Wolo.gg analyzes every decision: build order, eco, micro, common mistakes by bracket. Personalized analysis on WhatsApp or Discord in 30 seconds.
Civ guide
Bohemians
Perfil
Jugador #902500